 Dungeon Crawl Stone Soup version 0.32-a0-699-g1ee5eff69a (webtiles) character file.

Game seed: 14281129691196803167

1 Aldia the Caller (level 1, 9/9 HPs)
             Began as a Felid Summoner on Mar 13, 2024.
             Quit the game on level 1 of the Dungeon.
             The game lasted 00:00:18 (68 turns).

Aldia the Caller (Felid Summoner)                     Turns: 68, Time: 00:00:18

Health: 9/9        AC:  1    Str:  4    XL:     1   Next: 16%
Magic:  4/4        EV: 16    Int: 18    God:
Gold:   7          SH:  0    Dex: 16    Spells: 3/4 levels left
                                        Lives:  0   Deaths: 1

rFire   . . .        (weapon unavailable)
rCold   . . .        (shield unavailable)
rNeg    . . .        (body armour unavailable)
rPois   .            (helmet unavailable)
rElec   .            (cloak unavailable)
rCorr   .            (gloves unavailable)
SInv    +            (boots unavailable)
Will    .....        (no amulet)
Stlth   ++           (no ring)
HPRegen 0.21/turn    (no ring)
MPRegen 0.09/turn

%: no passive effects
@: no status effects
A: very small, claws 1, fangs 3, see invisible, shaggy fur 1, stealthy paws, no
weapons or thrown items, no armour, multi-lived
a: no special abilities


You were on level 1 of the Dungeon.
You visited 1 branch of the dungeon, and saw 1 of its levels.

You collected 7 gold pieces.

Inventory:

Potions
 a - a potion of magic
 b - a potion of enlightenment {unknown}


   Skills:
 - Level 2.6 Dodging
 - Level 2.6 Stealth
 + Level 2.0 Spellcasting
 + Level 4.0 Summonings


You had 3 spell levels left.
You knew the following spells:

 Your Spells              Type           Power      Damage    Failure   Level
a - Summon Small Mammal   Summ           64%        N/A       3%          1

Your spell library contained the following spells:

 Spells                   Type           Power      Damage    Failure   Level
 Call Imp                 Summ           32%        N/A       5%          2
 Call Canine Familiar     Summ           16%        N/A       11%         3
 Summon Blazeheart Golem  Fire/Summ      9%         N/A       61%         4
 Summon Lightning Spire   Summ/Air       9%         N/A       61%         4


Dungeon Overview and Level Annotations

Branches:
Dungeon (1/15)

Altars:


Innate Abilities, Weirdness & Mutations

You have sharp claws.
You have razor-sharp teeth.
You have supernaturally acute eyesight. (SInv)
You are covered in fur. (AC +1)
Your paws help you pounce on unaware monsters.
You are incapable of wielding weapons or throwing items.
You cannot wear armour.
You gain extra lives every three experience levels.


Message History

Welcome, Aldia the Felid Summoner.
The fabulous Orb of Zot lies far below, as if waiting for you to find it.
Press ? for a list of commands and other information.
Found four items.
Found a staircase leading out of the dungeon.
You now have 7 gold pieces.
b - a golden potion You see here a staff of alchemy.
Found a buckler.
A hobgoblin comes into view.
Your bat hits the hobgoblin.
The hobgoblin shouts!
Your bat hits the hobgoblin but does no damage.
The hobgoblin hits your bat.
Your bat barely misses the hobgoblin.
The hobgoblin barely misses your bat.
Your bat closely misses the hobgoblin.
Your bat hits the hobgoblin. The hobgoblin hits your bat.
Your bat dies!
Your bat's corpse disappears in a puff of smoke!
The hobgoblin hits your rat.
Your rat bites the hobgoblin but does no damage.
Your rat bites the hobgoblin.
The hobgoblin dies!
Magic restored.
You swap places.
You see here a +0 buckler.
Your rat disappears in a puff of smoke!
A goblin comes into view. It is wielding a +0 club.
The goblin shouts!
You hear a loud squeak.
You hear a shout!
A rat comes into view.
The goblin hits you with a +0 club. The goblin hits you with a +0 club.
Ouch! That really hurt!
You die...
You rejoin the land of the living...
Are you sure you want to abandon this character and quit the game? (Confirm with "yes".)

#. #..# #.....#.#.#
#.##..####......#...
#.#......#...#.#....
#.#.###.##....#.)...
#.#[# #....#...#.<.#
#####.#.# ####..#...#.#.
#.......# #.|.#...#..
#.......# #....#.....
#......@# ##.....#...#
#.......###..#....#.#.#.
#...........##...#...#..
#........#####..#.....#.
#............#.#........
#.......#######.........
#.......b†b# #######. #
#......###g# .. ..###..
.# ##


You could see a friendly bat (summoned).

Vanquished Creatures (collateral kills)
  A hobgoblin (D:1)
1 creature vanquished.

Notes
Turn   | Place    | Note
-------+----------+-------------------------------------------
     0 | D:1      | Aldia the Felid Summoner began the quest for the Orb.
     0 | D:1      | Reached XP level 1. HP: 9/9 MP: 4/4
    67 | D:1      | Slain by a goblin
    67 | D:1      | Lost a life (0 lives remaining)
    68 | D:1      | Quit the game

Illustrated notes

Levels and vault maps discovered:
D:1:      matt_arrival_diagonals, layout_rooms,
          dilly_ecumenical_altar_fadedgnrine

Action                     || total
---------------------------++-------
   Cast: Summon Small Mamm ||     4
 Armour: Skin              ||     2

Table legend: (Time is in decaauts)
 A = Elapsed time spent in this place.
 B = Non-inter-level travel time spent in this place.
 C = Inter-level travel time spent in this place.
 D = Time resting spent in this place.
 E = Time spent auto-exploring this place.
 F = Levels seen in this place.
 G = Mean time per level.
                   A        B        C        D        E       F      G
               +--------+--------+--------+--------+--------+-----+--------+
         Total |     68 |     68 |      0 |      0 |     46 |   1 |   68.0 |
       Dungeon |     68 |     68 |      0 |      0 |     46 |   1 |   68.0 |
               +--------+--------+--------+--------+--------+-----+--------+

Top non-repeatable levels by time:
     D:1: 68 daAuts
